AoeStats
← Sylar

Pilgrims

509136933Analyzed
3v3 RM · 20d ago on Sep 25, 2026· 38m 29s· 6 players
Game mode
Random Map
Map size
Normal (6 player)
Population
200
Speed
Normal
Resources
Standard
Victory
Conquest
Starting age
Dark Age
Ending age
Imperial Age
RankedLock teamsTeams togetherTeam positionsShared explorationLock speedFull tech treeHidden civsTurbo modeCheats
Victory
Defeat
🇫🇷 Goths · France
808
+8
🇫🇷 Persians · France
796
+9
🇫🇷 Bohemians · France
787
+9
vs
🇺🇸 Japanese · United States
695
-11
🇬🇧 Koreans · United Kingdom
604
-8
🇲🇩 Bulgarians · Moldova
566
-7
FuzzyOctopus7
14:18 Feudal Age
19:25 Double-Bit Axe
21:21 Loom
24:31 Castle Age
THE TERMiNAT0RR
6:43 Loom
13:27 Feudal Age
17:18 Wheelbarrow
22:56 Castle Age
21:04 Double-Bit Axe
23:05 Fletching
30:53 Bodkin Arrow
31:33 Pikeman
saniuwa
9:51 Feudal Age
10:03 Loom
14:34 Fishing Lines
22:49 Castle Age
20:47 Double-Bit Axe
21:14 Stone Mining
21:18 Gold Mining
21:55 Bloodlines
22:00 Forging
21:51 Scale Mail Armor
21:58 Scale Barding Armor
21:44 Fletching
22:05 Horse Collar
24:03 Wheelbarrow
23:13 Town Watch
23:50 Bow Saw
23:43 Heavy Plow
23:47 Caravan
24:39 Gillnets
25:29 Fervor
26:43 Stone Shaft Mining
26:46 Gold Shaft Mining
28:40 Masonry
28:45 Murder Holes
29:28 Ballistics
31:26 Hand Cart
33:15 Bodkin Arrow
33:55 Iron Casting
33:36 Chain Mail Armor
33:41 Chain Barding Armor
33:10 Gambesons
33:25 Squires
32:46 Pikeman
CrêpeCaramel
13:00 Feudal Age
12:20 Loom
13:30 Double-Bit Axe
13:47 Horse Collar
16:22 Wheelbarrow
17:19 Forging
17:10 Scale Mail Armor
20:18 Castle Age
18:05 Town Watch
18:30 Scale Barding Armor
17:49 Man-at-Arms
20:21 Stone Mining
21:13 Bow Saw
22:14 Stone Shaft Mining
22:03 Medium Warships
22:51 Fishing Lines
25:07 Iron Casting
25:08 Chain Mail Armor
26:25 Fletching
26:42 Squires
27:57 Treadmill Crane
28:13 Murder Holes
30:16 Anarchy
31:17 Chain Barding Armor
31:02 Husbandry
31:22 Heavy Plow
33:29 Hand Cart
33:18 Town Patrol
33:54 Gold Mining
34:51 Bloodlines
38:32 Imperial Age
36:33 Ballistics
36:24 Masonry
Nomisteak
4:33 Loom
10:58 Feudal Age
17:06 Man-at-Arms
17:32 Arson
22:09 Forging
22:00 Scale Mail Armor
22:11 Fishing Lines
24:39 Castle Age
25:06 Double-Bit Axe
25:03 Horse Collar
26:30 Long Swordsman
27:12 Squires
28:50 Bow Saw
28:43 Heavy Plow
29:18 Town Watch
31:20 Iron Casting
31:01 Chain Mail Armor
30:56 Gillnets
32:03 Murder Holes
36:25 Imperial Age
36:56 Two-Handed Swordsman
Sylar
5:39 Loom
13:47 Feudal Age
23:34 Castle Age
21:55 Horse Collar
23:05 Fletching
23:16 Padded Archer Armor
28:47 Bodkin Arrow
32:10 Wheelbarrow
31:25 Town Watch
36:18 Heavy Plow
37:32 Double-Bit Axe
39:00 Kamandaran
Connection lost

Rejoining the realm…

Still unreachable

The connection could not be restored.

Session expired

The server has moved on; the page needs a fresh start.